 Dungeon Crawl Stone Soup version 0.24-a0-230-g536ed4e33c (webtiles) character file.

Game seed: 3830130208563324187

1794 Redear the Sneak (level 9, -4/62 HPs)
             Began as an Octopode Fighter on Apr 3, 2019.
             Was a Believer of Zin.
             Slain by a centaur (9 damage)
             ... on level 8 of the Dungeon.
             The game lasted 00:25:21 (7141 turns).

Redear the Sneak (Octopode Fighter)                 Turns: 7141, Time: 00:25:21

Health: -4/62      AC:  1    Str: 15    XL:     9   Next: 9%
Magic:  11/11      EV: 16    Int: 11    God:    Zin [**....]
Gold:   355        SH:  5    Dex: 14    Spells: 8/8 levels left

rFire    . . .     SeeInvis .   v - +0 dagger (freeze)
rCold    . . .     Gourm    +   D - +0 buckler
rNeg     + . .     Faith    .   (helmet restricted)
rPois    .         Spirit   .   y - amulet of the gourmand
rElec    .         Reflect  .   W - ring of wizardry {Wiz+}
rCorr    .         Harm     .   N - ring of positive energy {rN+}
MR       .....                  (no ring)
Stlth    ++++......             (no ring)
HPRegen  0.20/turn              (no ring)
MPRegen  0.12/turn              (no ring)
                                (no ring)
                                (no ring)

@: no status effects
A: almost no armour, stealthy swim, amphibious, 8 rings, constrict 8, camouflage
1, gelatinous body 1
a: Recite, Vitalisation, Donate Gold, Renounce Religion


You were on level 8 of the Dungeon.
You worshipped Zin.
Zin was pleased with you.
You were not hungry.

You visited 2 branches of the dungeon, and saw 9 of its levels.

You collected 454 gold pieces.
You spent 60 gold pieces at shops.
You donated 39 gold pieces to Zin.

Inventory:

Hand Weapons
 a - a +0 long sword
 n - a +2 whip of flaming
 v - a +0 dagger of freezing (weapon)
 F - a +4 trident
Missiles
 e - 47 arrows
 o - 33 sling bullets
 w - 255 stones (quivered)
 Q - 38 bolts
Armour
 b - a +0 shield
 D - a +0 buckler (worn)
Jewellery
 y - an amulet of the gourmand (around mantle)
 N - a ring of positive energy (right tentacle) {rN+}
 W - a ring of wizardry (left tentacle) {Wiz+}
Scrolls
 f - 3 scrolls of fog
 j - 3 scrolls of magic mapping {unknown}
 m - a scroll of enchant weapon {unknown}
 r - a scroll of amnesia {unknown}
 s - 5 scrolls of remove curse
 t - 3 scrolls of teleportation
 u - a scroll of random uselessness {unknown}
 x - 2 scrolls of fear {unknown}
 A - a scroll of holy word {unknown}
 B - 3 scrolls of blinking {!r}
Potions
 c - 3 potions of might
 g - 2 potions of degeneration {!q}
 h - a potion of agility
 k - a potion of mutation {!q}
 l - a potion of flight {unknown}
 p - a potion of invisibility {unknown}
 q - 2 potions of lignification {!q}
 z - a potion of magic {unknown}
 C - a potion of haste {unknown}
 E - a potion of brilliance {unknown}
Comestibles
 d - 14 rations


   Skills:
 + Level 5.9 Fighting
 + Level 5.3 Long Blades
 + Level 5.8 Dodging
 - Level 6.0 Stealth
 + Level 5.9 Shields
 + Level 2.7 Invocations


You had 8 spell levels left.
You didn't know any spells.
Your spell library contained the following spells:

 Spells                   Type           Power        Failure   Level  Hunger
 Animate Skeleton         Necr           N/A          14%         1    ##.....
 Apportation              Tloc           #.....       14%         1    ##.....
 Confusing Touch          Hex            #.....       14%         1    ##.....
 Corona                   Hex            #......      14%         1    ##.....
 Summon Small Mammal      Summ           #...         14%         1    ##.....
 Slow                     Hex            #.......     21%         2    ###....
 Inner Flame              Hex/Fire       #.......     38%         3    ####...
 Portal Projectile        Hex/Tloc       #.....       38%         3    ####...
 Cause Fear               Hex            #.........   77%         4    #####..
 Leda's Liquefaction      Hex/Erth       #.........   77%         4    #####..


Dungeon Overview and Level Annotations

Branches:
Dungeon (8/15)             Temple (1/1) D:6
   Lair: D:8-11

Altars:
Ashenzari
Cheibriados
Dithmenos
Elyvilon
Fedhas
Gozag
Hepliaklqana
Kikubaaqudgha
Makhleb
Nemelex Xobeh
Okawaru
Qazlal
Ru
Sif Muna
Trog
Uskayaw
Vehumet
Wu Jian
Xom
Yredelemnul
Zin
The Shining One

Shops:
D:6 *

Annotations:
D:3 Sigmund
D:7 exclusion: orc warrior


Innate Abilities, Weirdness & Mutations

You cannot wear most types of armour.
You are very stealthy in the water. (Stealth+)
You are amphibious.
You can wear up to eight rings at the same time.
You can use your tentacles to constrict eight enemies at once.
Your skin changes colour to match your surroundings (Stealth+).
Your rubbery body absorbs attacks. (AC +1, EV +1)


Message History

Unknown command.
Unknown command.
Unknown command.
You hit the centaur. You freeze the centaur. The centaur barely misses you.
You hit the centaur but do no damage. The centaur completely misses you.
You block the centaur's attack.
You hit the centaur. You freeze the centaur. The centaur hits you!
* * * LOW HITPOINT WARNING * * *
You take 8 damage, and have 13/62 hp.
You hit the centaur but do no damage.
You squeeze the centaur, but do no damage.
The centaur barely misses you.
Okay, then.
Unknown command.
Okay, then.
Unknown command.
You closely miss the centaur. The centaur hits you!
* * * LOW HITPOINT WARNING * * *
The centaur hits you!
You die...

###...........##....##
##.....##..W......#
##....##...#.....##
#.(c..c..##...#..#
##..###..####..##.#
#######..## #..## #..##..
#....[..## ##..####.###.
#######c######...###.###.
#.@................
#..._...#..........
##..8...#.....####.
#.._..##.....###..
#.....##.....##..#
##...##..####.W..##
###...##..## ###..#
#........## ##.##
...##...## ##...#


You could see a centaur.

Levels and vault maps discovered:
D:1:      dpeg_arrival_boxorama, layout_rooms, minmay_misc_feat_tiny,
          minmay_pentomino_q2
D:2:      layout_loops_ring, lemuel_blue_sif_altar, serial_forest,
          infiniplex_forest_fountain, infiniplex_forest_3_way,
          infiniplex_forest_end_double, infiniplex_forest_lined_room_3,
          infiniplex_forest_split, infiniplex_forest_corner_2,
          infiniplex_forest_lined_2, infiniplex_forest_lined_corner,
          infiniplex_forest_clump_tiny, uniq_natasha
D:3:      layout_loops_ring, chequers_ecumenical_altar_twisty, trog_wizard,
          uniq_terence, uniq_sigmund
D:4:      layout_rooms, first_ration
D:5:      layout_loops_cross, fedhas_ov_isle_minmay, overflow_temple_1_default
D:6:      layout_loops_ring, cheibriados_altar_1, minmay_temple_entry_wispy,
          serial_shops, shop
D:7:      layout_basic, old_standard_altar, nicolae_overflow_crystal_walls,
          grunt_livestock, nicolae_ru_the_path_less_chosen
D:8:      layout_layer_cave, chequers_temple_overflow_statue_of_worship,
          hangedman_decor_slide_cut, uniq_harold, uniq_pikel
Temple:   nicolae_temple_great_sept

Notes
Turn   | Place    | Note
-------+----------+-------------------------------------------
     0 | D:1      | Redear the Octopode Fighter began the quest for the Orb.
     0 | D:1      | Reached XP level 1. HP: 16/16 MP: 1/1
    48 | D:1      | Identified a +0 club
   116 | D:1      | Identified a +0 club
   151 | D:1      | Reached XP level 2. HP: 21/21 MP: 2/2
   152 | D:1      | Identified a +0 club
   156 | D:1      | Reached skill level 1 in Stealth
   255 | D:1      | Reached XP level 3. HP: 20/26 MP: 3/3
   533 | D:2      | Noticed Natasha
   541 | D:2      | HP: 5/26 [Natasha (7)]
   543 | D:2      | Killed Natasha
   543 | D:2      | Reached skill level 2 in Stealth
   543 | D:2      | Reached XP level 4. HP: 6/31 MP: 4/4
   809 | D:2      | Identified a +0 club
   828 | D:2      | Identified a +0 club
   864 | D:2      | Identified a +0 short sword
   913 | D:2      | Identified a +0 club
   914 | D:2      | Identified a cursed +0 club
  1235 | D:2      | Found a deep blue altar of Sif Muna.
  1337 | D:2      | Noticed Natasha
  1621 | D:2      | Killed Natasha
  1621 | D:2      | Reached XP level 5. HP: 22/36 MP: 5/5
  1730 | D:2      | Noticed Natasha
  1740 | D:2      | Killed Natasha
  1740 | D:2      | Reached skill level 3 in Stealth
  1945 | D:3      | Reached skill level 3 in Long Blades
  1969 | D:3      | Found a bloodstained altar of Trog.
  2035 | D:3      | Identified a cursed -1 mace
  2035 | D:3      | Identified a +0 ring mail
  2035 | D:3      | Noticed Terence
  2042 | D:3      | Killed Terence
  2073 | D:3      | Identified a +0 whip
  2106 | D:3      | Identified a +0 dagger
  2250 | D:3      | Identified a +0 dagger of freezing (You found it on level 3
                  | of the Dungeon)
  2275 | D:3      | Found a faded altar of an unknown god.
  2300 | D:3      | Reached skill level 4 in Fighting
  2300 | D:3      | Reached skill level 4 in Shields
  2300 | D:3      | Reached XP level 6. HP: 43/43 MP: 6/6
  2375 | D:3      | Identified a +1 scythe of distortion
  2375 | D:3      | Identified a +0 robe
  2375 | D:3      | Noticed Sigmund
  2384 | D:3      | Identified a +0 hand axe
  2384 | D:3      | Identified a +0 whip
  2384 | D:3      | Identified a +0 leather armour
  2404 | D:3      | Identified 2 scrolls of blinking
  2416 | D:3      | HP: 7/43 [Sigmund/+1 scythe of distortion (12)]
  2691 | D:3      | Identified a +0 trident
  2691 | D:3      | Identified a +0 robe
  2748 | D:3      | Identified a +0 dagger
  2748 | D:3      | Identified a +0 leather armour
  2749 | D:3      | Identified a +0 dagger
  2749 | D:3      | Identified a +0 hunting sling
  2749 | D:3      | Identified a +0 chain mail
  2751 | D:3      | Identified a +0 mace
  2757 | D:3      | Reached skill level 4 in Dodging
  2790 | D:3      | Identified a +0 club
  2790 | D:3      | Identified a +0 hunting sling
  2964 | D:3      | Noticed a wizard
  2970 | D:3      | Killed a wizard
  2985 | D:3      | Identified a +0 club
  3158 | D:4      | Reached skill level 4 in Stealth
  3233 | D:4      | Identified an amulet of the gourmand (You found it on level
                  | 4 of the Dungeon)
  3234 | D:4      | Identified a ring of wizardry (You found it on level 1 of
                  | the Dungeon)
  3235 | D:4      | Identified a ring of positive energy (You found it on level
                  | 3 of the Dungeon)
  3475 | D:5      | Entered Level 5 of the Dungeon
  3665 | D:5      | Found a white marble altar of Elyvilon.
  3706 | D:5      | Found a blossoming altar of Fedhas.
  3721 | D:5      | Identified a +0 club
  3721 | D:5      | Identified a +0 trident
  3722 | D:5      | Identified a +0 club
  3862 | D:5      | Reached XP level 7. HP: 43/49 MP: 7/7
  4110 | D:6      | Found Guotaoc's Assorted Antiques.
  4129 | D:6      | Identified a +0 buckler (You found it on level 6 of the
                  | Dungeon)
  4149 | D:6      | Identified a +4 trident
  4149 | D:6      | Identified a cursed +0 robe
  4149 | D:6      | Identified a +0 long sword
  4149 | D:6      | Identified a +0 robe
  4150 | D:6      | Bought an orange potion for 30 gold pieces
  4150 | D:6      | Bought a dark potion for 30 gold pieces
  4156 | D:6      | Identified 4 scrolls of fog
  4157 | D:6      | Identified 3 scrolls of identify
  4157 | D:6      | Identified 2 potions of lignification
  4158 | D:6      | Identified 2 potions of degeneration
  4159 | D:6      | Identified 2 potions of curing
  4213 | D:6      | Identified a +0 giant spiked club
  4262 | D:6      | Found a snail-covered altar of Cheibriados.
  4307 | D:6      | Reached skill level 5 in Stealth
  4344 | D:6      | Identified a cursed +0 falchion
  4344 | D:6      | Identified a +0 robe
  4368 | D:6      | Identified a +4 morningstar
  4368 | D:6      | Identified a +0 robe
  4387 | D:6      | Reached skill level 4 in Long Blades
  4507 | D:6      | Found a staircase to the Ecumenical Temple.
  4521 | Temple   | Entered the Ecumenical Temple
  4636 | Temple   | Became a worshipper of Zin the Law-Giver
  4636 | Temple   | Reached * piety under Zin
  4738 | D:6      | Reached XP level 8. HP: 54/54 MP: 8/8
  4748 | D:6      | Reached ** piety under Zin
  4766 | D:6      | Reached skill level 5 in Fighting
  5083 | D:7      | Found a sacrificial altar of Ru.
  5097 | D:7      | Found a hide-covered altar of Uskayaw.
  5128 | D:7      | Identified 5 scrolls of teleportation
  5128 | D:7      | HP: 11/55 [killer bee (9)]
  5385 | D:7      | Found an opulent altar of Gozag.
  5399 | D:7      | Reached skill level 5 in Dodging
  5399 | D:7      | Reached skill level 5 in Shields
  5426 | D:7      | Identified 3 scrolls of remove curse
  5440 | D:7      | Reached skill level 6 in Stealth
  5575 | D:7      | Identified a +0 flail
  5884 | D:7      | Reached skill level 1 in Invocations
  6059 | D:7      | Identified a +0 glaive
  6059 | D:7      | Identified a +0 plate armour
  6059 | D:7      | Identified a +1 vampiric whip
  6178 | D:8      | Found a bloodstained altar of Trog.
  6178 | D:8      | Found a shadowy altar of Dithmenos.
  6463 | D:8      | Identified a +0 animal skin
  6463 | D:8      | Identified a +0 animal skin
  6464 | D:8      | Identified a +0 animal skin
  6464 | D:8      | Identified a +0 animal skin
  6464 | D:8      | Identified a +2 whip of flaming
  6464 | D:8      | Identified a +0 robe
  6464 | D:8      | Noticed Pikel
  6590 | D:8      | Identified a +0 shortbow
  6590 | D:8      | Identified a +0 robe
  6691 | D:8      | Identified a +0 club
  6693 | D:8      | Identified a +0 spear
  6760 | D:8      | Identified 2 potions of agility
  6774 | D:8      | HP: 14/56 [Pikel/+2 whip of flaming (7)]
  6775 | D:8      | Killed Pikel
  6775 | D:8      | Reached skill level 5 in Long Blades
  6775 | D:8      | Reached skill level 2 in Invocations
  6775 | D:8      | Reached XP level 9. HP: 12/62 MP: 9/11
  7129 | D:8      | Identified a potion of mutation
  7139 | D:8      | HP: 13/62 [centaur (8)]
  7141 | D:8      | HP: 5/62 [centaur (9)]
  7141 | D:8      | Slain by a centaur

Table legend:
 A = Turns spent in this place as a percentage of turns spent in the entire game.
 B = Non-inter-level travel turns spent in this place as a percentage of non-inter-level travel turns spent in the entire game.
 C = Inter-level travel turns spent in this place as a percentage of turns spent in this place.
 D = Turns resting spent in this place as a percentage of non-inter-level travel turns spent in this place.
 E = Turns spent auto-exploring this place as a percentage of non-inter-level travel turns spent in this place.
 F = Non-inter-level travel turns spent in this place divided by the number of levels of this place that you've seen.
                   A       B       C       D       E      F
               +-------+-------+-------+-------+-------+----------------------
         Total | 100.0 | 100.0 |   3.8 |  23.6 |  52.1 | 763.2
       Dungeon |  98.6 |  98.7 |   3.7 |  24.0 |  51.8 | 847.2
        Temple |   1.4 |   1.3 |   9.0 |   0.0 |  74.7 |  91.0
               +-------+-------+-------+-------+-------+----------------------

Table legend:
 A = Kills in this place as a percentage of kills in entire the game.
 B = Kills by you in this place as a percentage of kills by you in the entire game.
 C = Kills by friends in this place as a percentage of kills by friends in the entire game.
 D = Other kills in this place as a percentage of other kills in the entire game.
 E = Experience gained in this place as a percentage of experience gained in the entire game.
 F = Experience gained in this place divided by the number of levels of this place that you have seen.
                   A       B       C       D       E      F
               +-------+-------+-------+-------+-------+----------------------
         Total | 100.0 | 100.0 |   N/A |   N/A | 100.0 | 284.8
       Dungeon | 100.0 | 100.0 |   N/A |   N/A | 100.0 | 320.4
               +-------+-------+-------+-------+-------+----------------------

Skill      XL: |  1  2  3  4  5  6  7  8 |
---------------+-------------------------+-----
Stealth        | 1 2 3 4 5 6 |  6.0
Long Blades    | 3 4 5 |  5.3
Fighting       | 4 5 |  5.9
Shields        | 4 5 |  5.9
Dodging        | 4 5 |  5.8
Invocations    | 2 |  2.7

Action                   |  1- 3 |  4- 6 |  7- 9 || total
-------------------------+-------+-------+-------++-------
Melee: Long sword        |    38 |   112 |       ||   150
       Constrict         |    13 |    43 |    27 ||    83
       Tentacles         |     4 |    54 |    53 ||   111
       Dagger            |       |    64 |   199 ||   263
Throw: Stone             |       |       |     4 ||     4
  Use: Scroll            |       |     1 |     8 ||     9
       Potion            |       |       |     4 ||     4
 Stab: Sleeping          |     8 |    14 |     7 ||    29
  Eat: Chunk             |       |    12 |     6 ||    18
       Ration            |       |       |     1 ||     1
Armor: Skin              |     2 |     6 |     3 ||    11
Dodge: Dodged            |    18 |   111 |   101 ||   230
Block: Buckler           |       |       |    31 ||    31
       Rpst.: Long sword |     9 |    15 |       ||    24

Vanquished Creatures
  Pikel (D:8)
  4 slaves (D:8)
  A necrophage (D:6)
  An ogre (D:6)
  2 bullfrogs (D:7)
  A scorpion (D:7)
  3 killer bees (D:7)
  4 wights (D:6)
  A howler monkey (D:6)
  2 crimson imps
  A jelly (D:5)
  A bullfrog zombie (D:5)
  2 hounds
  Terence (D:3)
  An orc wizard (D:3)
  Natasha (thrice) (D:2)
  2 iguanas
  2 worker ants
  A worker ant zombie (D:8)
  4 gnolls
  8 adders
  A shadow imp (D:8)
  4 oozes
  An adder zombie (D:6)
  4 worms
  5 dart slugs
  5 leopard geckos
  9 orcs
  3 giant cockroaches
  7 goblins
  10 hobgoblins
  6 jackals
  3 quokkas
  2 ball pythons
  6 bats
  3 frilled lizards
  8 kobolds
  5 rats
  A bush (D:2)
  A plant (D:2)
130 creatures vanquished.

Vanquished Creatures (others)
  A wizard (D:3)
1 creature vanquished.

Grand Total: 131 creatures vanquished
